Map: Oxide LE

Players

LiquidClem (Clem) - Winner!

  • Race: Terran Terran
  • League: Master

MaxPax

  • Race: Protoss Protoss

Event: DreamHack SC2 Masters 2021 Fall

VOD

Have the link to the VOD?

Description

Time

  • Played on: Sept. 8, 2021, 1:30 p.m.
  • Length: 9:14

All games in this series

Show
View Real Time Build Order
Export as new Build Order

LiquidClem Terran - Winner!

Build Orders: Cyclone Timing 

Get SALT Encoding   

  12  0:00  SCV  
  13  0:12  SCV  
  14  0:16  Supply Depot  
  14  0:24  SCV  
  15  0:38  SCV  
  15  0:39  Barracks  
  15  0:42  Refinery  
  16  0:50  SCV  
  17  1:02  SCV  
  18  1:14  SCV  
  19  1:27  Barracks Reactor, Orbital Command  
  19  1:42  Supply Depot  
  19  1:52  SCV  
  20  1:55  Refinery  
  20  2:01  Factory  
  20  2:03  Marine x2  
  20  2:04  SCV  
  23  2:15  Bunker  
  23  2:16  SCV  
  23  2:21  Marine x2  
  26  2:23  Supply Depot  
  26  2:28  SCV  
  27  2:39  Marine x2  
  27  2:41  SCV  
  30  2:45  Factory Tech Lab  
  30  2:49  Supply Depot  
  30  2:54  Starport  
  30  2:57  Marine  
  31  3:05  Marine, Cyclone  
  33  3:12  SCV  
  33  3:20  Marine  
  33  3:23  Marine, Mag-Field Accelerator  
  34  3:37  Cyclone  
  34  3:40  Marine  
  39  3:41  Supply Depot  
  39  3:46  Viking  
  39  3:58  Supply Depot  
  39  3:59  Marine x2  
  40  4:04  SCV  
  41  4:20  Cyclone  
  41  4:22  Marine x2  
  43  4:25  Medivac  
  45  4:35  Supply Depot  
  45  4:40  Marine  
  46  4:48  SCV  
  46  4:56  Bunker, Cyclone  
  49  5:15  Viking  
  49  5:16  Supply Depot  
  51  5:21  Marine  
  52  5:28  Cyclone  
  55  5:48  Command Center  
  52  5:58  Barracks Reactor, Viking  
  53  6:08  SCV  
  49  6:12  Cyclone  
  49  6:17  Supply Depot  
  52  6:22  Barracks  
  53  6:25  SCV  
  56  6:35  Viking  
  56  6:36  Marine  
  56  6:42  Marine, Supply Depot  
  57  6:51  Siege Tank  
  60  6:54  Marine  
  60  7:00  SCV  
  62  7:02  Orbital Command  
  62  7:11  Viking  
  62  7:15  Marine x2  
  64  7:18  Marine  
  67  7:27  Siege Tank  
  70  7:33  Marine  
  70  7:36  SCV, Orbital Command  
  72  7:40  Marine  
  73  7:44  Marine  
  73  7:45  Viking  
  73  7:48  SCV  
  73  7:51  Marine  
  78  7:58  Marine  
  78  8:01  SCV  
  78  8:02  Marine  
  78  8:04  SCV  
  71  8:09  Marine  
  69  8:13  SCV, Engineering Bay  
  69  8:16  Marine, SCV  
  69  8:25  SCV  
  70  8:29  SCV  
  70  8:30  Marine  
  70  8:33  Starport Reactor  
  72  8:35  Marine  
  72  8:37  Marine, SCV  
  72  8:38  Widow Mine x2  
  72  8:40  Supply Depot  
  72  8:41  SCV  
  80  8:44  Missile Turret  
  80  8:48  Marine  
  81  8:49  SCV  
  81  8:53  Marine  
  81  8:54  Supply Depot  
  83  8:56  SCV  
  83  9:01  SCV  
  83  9:02  Missile Turret  
Show
View Real Time Build Order
Export as new Build Order

MaxPax Protoss 

Build Orders: Proxy Void Ray 

Get SALT Encoding   

  12  0:00  Probe  
  13  0:12  Probe  
  14  0:19  Pylon  
  14  0:24  Probe  
  15  0:37  Probe  
  16  0:45  Pylon  
  16  0:49  Probe  
  17  0:51  Assimilator  
  17  1:01  Probe  
  18  1:04  Gateway  
  18  1:13  Probe  
  19  1:25  Probe  
  20  1:26  Assimilator  
  20  1:37  Probe  
  21  1:49  Probe  
  21  1:51  Cybernetics Core, Zealot  
  24  2:01  Probe  
  24  2:13  Probe  
  25  2:25  Stalker (Chrono Boost)  
  25  2:27  Stargate  
  27  2:34  Warp Gate  
  27  2:37  Shield Battery  
  27  2:39  Pylon  
  27  2:45  Stalker (Chrono Boost)  
  27  2:46  Pylon  
  29  3:02  Void Ray (Chrono Boost)  
  29  3:09  Stalker  
  33  3:18  Shield Battery  
  33  3:29  Shield Battery  
  33  3:30  Void Ray (Chrono Boost)  
  33  3:32  Shield Battery  
  37  3:47  Shield Battery  
  37  3:57  Nexus  
  36  4:07  Pylon  
  36  4:14  Phoenix (Chrono Boost)  
  38  4:26  Stalker  
  40  4:33  Shield Battery, Probe  
  41  4:40  Void Ray  
  41  4:49  Probe  
  46  5:00  Pylon  
  46  5:03  Probe  
  47  5:10  Probe  
  48  5:14  Sentry  
  48  5:15  Probe  
  51  5:22  Phoenix (Chrono Boost), Probe  
  51  5:27  Probe  
  55  5:34  Probe  
  54  5:39  Probe  
  54  5:41  Phoenix  
  54  5:46  Probe  
  53  5:51  Probe  
  53  5:54  Sentry  
  50  5:58  Probe  
  50  6:03  Probe  
  51  6:10  Probe  
  51  6:16  Shield Battery  
  51  6:19  Probe  
  52  6:28  Shield Battery  
  52  6:29  Probe  
  55  6:40  Phoenix (Chrono Boost)  
  55  6:42  Probe  
  56  6:47  Probe  
  56  6:54  Probe  
  58  7:00  Phoenix (Chrono Boost)  
  60  7:02  Probe  
  60  7:07  Pylon  
  60  7:08  Probe  
  62  7:16  Stalker  
  62  7:20  Probe  
  65  7:23  Pylon  
  65  7:28  Probe  
  66  7:36  Phoenix  
  68  7:44  Probe  
  68  7:46  Shield Battery, Probe  
  68  7:50  Stalker  
  72  7:56  Probe  
  49  8:15  Stalker  
  49  8:17  Assimilator  
  49  8:18  Assimilator  
  49  8:19  Gateway, Probe (Chrono Boost)  
  48  8:24  Probe (Chrono Boost)  
  48  8:25  Gateway  
  43  8:28  Shield Battery  
  43  8:32  Probe (Chrono Boost)  
  45  8:34  Probe (Chrono Boost)  
  45  8:36  Gateway  
  45  8:40  Shield Battery  
  44  8:42  Probe  
  44  8:43  Probe  
  46  8:49  Twilight Council  
  46  8:54  Probe  
  47  8:58  Probe  
  48  9:05  Gateway  

Tags
 
Add a new tag
Caveats
  • Supply blocks, unpowered buildings, or Contaminate may cause inaccurate times.
  • Supply counts are checked every 10 seconds.